 Dungeon Crawl Stone Soup version 0.17.0-9-g801d43b (console) character file.

676 Kloppie the Cutter (level 7, 0/48 HPs)
             Began as a High Elf Assassin on Nov 10, 2015.
             Splashed by a jelly's acid (7 damage)
             ... on level 5 of the Dungeon.
             The game lasted 00:14:46 (5067 turns).

Kloppie the Cutter (High Elf Assassin)              Turns: 5067, Time: 00:14:46

Health: 0/48       AC: -4    Str: 11    XL:     7   Next: 33%
Magic:  8/8        EV: 14    Int: 16    God:
Gold:   64         SH:  0    Dex: 17    Spells: 0 memorised, 6 levels left

rFire  . . .     SeeInvis .     a - +0 rapier
rCold  . . .     Clarity  .     x - +0 ring mail
rNeg   . . .     SustAt   .     (no shield)
rPois  .         Gourm    .     (no helmet)
rElec  .         Spirit   .     G - +2 cloak
rCorr  .         Warding  .     (no gloves)
rMut   .         Stasis   .     (no boots)
MR     +....                    (no amulet)
Stlth  ++........               F - ring of protection from magic
                                k - +2 ring of evasion

@: corroded equipment, somewhat resistant to hostile enchantments, unstealthy
A: no striking features
a: no special abilities


You were on level 5 of the Dungeon.
You were hungry.

You visited 1 branch of the dungeon, and saw 5 of its levels.

You collected 220 gold pieces.
You spent 156 gold pieces at shops.

Inventory:

Hand Weapons
 a - a +0 rapier (weapon)
 b - a +0 blowgun
 j - a +2 dagger
 n - a +0 short sword
Missiles
 e - 2 poisoned needles
 v - 6 needles of slowing
Armour
 c - a +0 robe
 x - a +0 ring mail (worn)
 G - a +2 cloak (worn)
Jewellery
 k - a +2 ring of evasion (left hand)
 o - an uncursed ring of see invisible
 p - a +2 ring of strength
 F - a ring of protection from magic (right hand)
Wands
 f - a wand of slowing (28)
Scrolls
 h - a scroll of teleportation
 t - a scroll of remove curse
 y - a scroll of identify {unknown}
Potions
 d - a potion of berserk rage {unknown}
 l - a potion of cancellation {unknown}
 m - 3 potions of curing
 q - a potion of degeneration {unknown}
 r - 2 potions of might
 s - a potion of brilliance {unknown}
 z - a potion of lignification {unknown}
 A - a potion of poison {unknown}
 B - 2 potions of heal wounds
Comestibles
 g - 4 bread rations
 u - a slice of pizza
 w - 2 meat rations
 D - 3 fruits


   Skills:
 + Level 4.2 Fighting
 - Level 6.0 Short Blades
 - Level 4.5 Throwing
 + Level 3.6 Dodging
 - Level 4.3 Stealth


You had 6 spell levels left.
You didn't know any spells.

Dungeon Overview and Level Annotations

Branches:
Dungeon (5/15)
 Temple: D:4-7

Altars:

Shops:
D:5 !

Annotations:
D:3 Grinder
D:4 benitares's ghost, amateur OgFi


Message History

Zapping:
f - a wand of slowing {zapped: 3} (will waste charges)
Press: ? - help, Shift-Dir - straight line, f/p - jelly
Aim: a jelly (severely wounded, chance to defeat MR: 61%)
The jelly seems to slow down.
Evoking this partially-identified wand wasted a few charges.
You hit the jelly.
Your hands burn!
* * * LOW HITPOINT WARNING * * *
The jelly is almost dead.
The jelly completely misses you.
You hit the jelly but do no damage.
Your hands burn!
* * * LOW HITPOINT WARNING * * *
The jelly is almost dead.
All of the chunks of flesh in your inventory have rotted away.
You hit the jelly but do no damage.
Your hands burn!
* * * LOW HITPOINT WARNING * * *
The jelly is almost dead.
The jelly hits you.
* * * LOW HITPOINT WARNING * * *
You are splashed with acid!
The acid corrodes you!
The acid burns!
You die...

########### #.........#
######### #.#######.##
#.......# #.# #.#.
#.......###.##### #.#.
#.......#.......###.#.
#######.......#.......'...#.
#.........J@..#.......###.#.
#.###########)#+#...........
# #)........###.#.
#..<......# #... #.......#.#
#.#. #.........# #.#.
#.......#####.#.
#.........#.#.##
##......#<#.#.##


You could see a jelly.

Vanquished Creatures
  Edmund (D:4)
  3 ogres
  An orc priest (D:5)
  A crimson imp (D:5)
  Ijyb (D:2)
  A hound (D:4)
  An orc wizard (D:3)
  A hound skeleton (D:4)
  3 gnolls (D:3)
  5 adders
  2 worms
  A giant gecko (D:1)
  7 orcs
  7 bats
  2 giant cockroaches (D:2)
  8 goblins
  5 hobgoblins
  10 jackals
  A quokka (D:2)
  A giant gecko skeleton (D:5)
  4 giant newts
  11 kobolds
  7 rats
84 creatures vanquished.

Vanquished Creatures (others)
  4 toadstools (D:1)
4 creatures vanquished.

Grand Total: 88 creatures vanquished

Notes
Turn   | Place    | Note
--------------------------------------------------------------
     0 | D:1      | Kloppie the High Elf Assassin began the quest for the Orb.
     0 | D:1      | Reached XP level 1. HP: 14/14 MP: 2/2
   446 | D:1      | Reached XP level 2. HP: 10/19 MP: 3/3
  1417 | D:2      | Reached XP level 3. HP: 22/24 MP: 4/4
  2088 | D:3      | Noticed Ijyb
  2091 | D:3      | Noticed a sky beast
  2110 | D:2      | Killed Ijyb
  2110 | D:2      | Reached XP level 4. HP: 27/29 MP: 5/5
  2881 | D:3      | Reached XP level 5. HP: 30/34 MP: 6/6
  3378 | D:3      | Noticed Grinder
  3464 | D:3      | Reached skill level 5 in Short Blades
  3527 | D:4      | Noticed an ogre
  3544 | D:4      | Killed an ogre
  3544 | D:4      | Reached XP level 6. HP: 17/41 MP: 7/7
  3881 | D:4      | Noticed benitares's ghost (amateur OgFi)
  3942 | D:4      | Noticed Edmund
  3973 | D:4      | Killed Edmund
  4169 | D:3      | Paralysed by Grinder for 6 turns
  4578 | D:5      | Entered Level 5 of the Dungeon
  4593 | D:5      | Reached skill level 6 in Short Blades
  4826 | D:5      | Reached XP level 7. HP: 19/47 MP: 8/8
  4949 | D:5      | Found Iruar's Distillery.
  4953 | D:5      | Bought a potion of heal wounds for 65 gold pieces
  4953 | D:5      | Bought a potion of curing for 39 gold pieces
  4953 | D:5      | Bought a potion of might for 52 gold pieces
  5067 | D:5      | Splashed by a jelly's acid

Action                   |  1- 3 |  4- 6 |  7- 9 || total
-------------------------+-------+-------+-------++-------
Melee: Dagger            |    65 |       |       ||    65
       Short sword       |    97 |   234 |       ||   331
       Rapier            |       |    32 |    15 ||    47
 Fire: Blowgun           |     9 |    16 |     2 ||    27
Evoke: Wand              |       |       |     2 ||     2
  Use: Scroll            |       |     8 |       ||     8
 Stab: Sleeping          |     5 |     6 |       ||    11
       Distracted        |     1 |     1 |       ||     2
  Eat: Chunk             |     4 |     8 |       ||    12
       Fruit             |       |     1 |       ||     1
